 Dungeon Crawl Stone Soup version 0.31-a0-182-gc5ef74bbde (webtiles) character file.

Game seed: 4305629949751793633

197 qw the Chopper (level 5, 0/32 HPs)
             Began as a Gargoyle Fighter on June 21, 2023.
             Slain by Edmund
             ... wielding a +2 flail of protection
              (7 damage)
             ... on level 5 of the Dungeon.
             The game lasted 00:01:08 (2160 turns).

qw the Chopper (Gargoyle Fighter)                   Turns: 2160, Time: 00:01:09

Health: 0/32       AC: 13    Str: 21    XL:     5   Next: 75%
Magic:  5/5        EV:  7    Int: 12    God:
Gold:   131        SH:  4    Dex:  9    Spells: 4/4 levels left

rFire   . . .        Y - +0 war axe
rCold   . . .        c - +0 buckler
rNeg    + . .        k - +0 chain mail
rPois   inf          (no helmet)
rElec   +            (no cloak)
rCorr   +            (no gloves)
SInv    .            (no boots)
Will    .....        (no amulet) Stlth
                     m - ring "Gatheddo" {rCorr Int+3}
HPRegen 0.25/turn    (no ring)
MPRegen 0.09/turn

%: no passive effects
@: no status effects
A: sickness immunity, AC +4, negative energy resistance 1, electricity
resistance, torment resistance 1, petrification resistance
a: no special abilities


You were on level 5 of the Dungeon.
You visited 1 branch of the dungeon, and saw 4 of its levels.

You collected 131 gold pieces.


Innate Abilities, Weirdness & Mutations

You are immune to sickness and miasma.
Your stone body is resilient. (AC +4)
You are immune to poison.
You resist negative energy. (rN+)
You are resistant to electric shocks. (rElec)
You are resistant to unholy torment.
You are immune to petrification.


   Skills:
 + Level 3.2 Fighting
 - Level 5.0 Axes
 - Level 1.3 Throwing
 - Level 3.2 Armour
 - Level 3.2 Shields


You had 4 spell levels left.
You didn't know any spells.
Your spell library was empty.

Inventory:

Hand Weapons
 a - a +0 flail
 Y - a +0 war axe (weapon)
Missiles
 b - a silver boomerang (quivered)
Armour
 c - a +0 buckler (worn)
 k - a +0 chain mail (worn)
Jewellery
 m - the ring "Gatheddo" (left hand) {rCorr Int+3}
   (You found it on level 2 of the Dungeon)

   [ring of resist corrosion]

   Int:       It affects your intelligence (+3).
   rCorr:     It protects you from acid and corrosion.
Scrolls
 f - a scroll of teleportation {unknown}
Potions
 d - 2 potions of might
 e - a potion of curing {unknown}
 h - a potion of magic
 i - 2 potions of mutation {unknown}
 j - a potion of enlightenment {unknown}
 l - a potion of degeneration {unknown}

Dungeon Overview and Level Annotations

Branches:
Dungeon (3/15)

Altars:
Ru

Annotations:
D:5 Edmund


Message History

You slash the iguana!
The iguana is almost dead.
The iguana bites you.
You hit the iguana but do no damage.
The iguana is almost dead.
The iguana bites you. x2
You hit the iguana.
You kill the iguana!
Your Throwing skill increases to level 1!
You barely miss Edmund. You block Edmund's attack.
You slash Edmund!
Edmund is moderately wounded.
Edmund barely misses you. Edmund hits you but does no damage.
You barely miss Edmund.
Edmund is moderately wounded.
Edmund hits you with a +2 flail of protection!
You barely miss Edmund.
Edmund is moderately wounded.
Edmund barely misses you.
You closely miss Edmund.
Edmund is moderately wounded.
Edmund barely misses you.
You barely miss Edmund.
Edmund is moderately wounded.
Edmund hits you with a +2 flail of protection.
You block Edmund's attack.
You hit Edmund.
Edmund is moderately wounded.
Edmund hits you with a +2 flail of protection.
You barely miss Edmund.
Edmund is moderately wounded.
Edmund hits you but does no damage.
You closely miss Edmund.
Edmund is moderately wounded.
You block Edmund's attack.
You hit Edmund but do no damage.
Edmund is moderately wounded.
Edmund hits you with a +2 flail of protection!
You die...

....# #...#
#...# #...
... #.# #.##
..#.####@.#
..=....@.%###
....#####...#
. ###.# #.#
... ..## ....
..#.


You could see Edmund.

Vanquished Creatures
  An iguana (D:5)
  3 orc wizards (D:3)
  3 adders
  An ufetubus (D:5)
  3 dart slugs
  3 orcs
  3 bats
  3 endoplasms
  2 giant cockroaches (D:1)
  4 goblins
  4 hobgoblins
  5 jackals (D:1)
  7 kobolds
  A quokka (D:1)
  3 ball pythons (D:1)
  7 frilled lizards
  6 rats
59 creatures vanquished.

Notes
Turn   | Place    | Note
-------+----------+-------------------------------------------
     0 | D:1      | qw the Gargoyle Fighter began the quest for the Orb.
     0 | D:1      | Reached XP level 1. HP: 14/14 MP: 1/1
     0 | D:1      | 0 ||| qw: Version: 0.3-a-9-g12657ce
     0 | D:1      | 0 ||| qw: Game counter: 1640
     0 | D:1      | 0 ||| qw: Always use a shield: true
     0 | D:1      | 0 ||| qw: God list: Okawaru
     0 | D:1      | 0 ||| qw: Allow faded altars: false
     0 | D:1      | 0 ||| qw: Do Orc after D:15 true
     0 | D:1      | 0 ||| qw: Do second Lair branch before Depths: true
     0 | D:1      | 0 ||| qw: Lair rune preference: random
     0 | D:1      | 0 ||| qw: Plans: Normal, Zot:1-4, Slime:5, God:TSO, Crypt,
                  | Tomb, Abyss, Pan, Hells, Win
     0 | D:1      | 0 ||| PLANNING D:1-11
    55 | D:1      | Reached skill level 2 in Axes
   135 | D:1      | Reached XP level 2. HP: 18/19 MP: 2/2
   262 | D:1      | 262 ||| Stepping ~*~*~tactically~*~*~ (stealth).
   270 | D:1      | 270 ||| Stepping ~*~*~tactically~*~*~ (stealth).
   326 | D:1      | Reached skill level 3 in Axes
   449 | D:1      | Reached XP level 3. HP: 23/23 MP: 3/3
  1044 | D:1      | 1044 ||| UPGRADING to +0 chain mail.
  1054 | D:1      | 1054 ||| DROPPING +0 scale mail.
  1055 | D:1      | 1055 ||| DRINKING 2 bubbling inky potions.
  1091 | D:2      | Identified the ring "Gatheddo" {rCorr Int+3}
  1168 | D:2      | 1168 ||| Stepping ~*~*~tactically~*~*~ (hiding).
  1170 | D:2      | 1170 ||| Stepping ~*~*~tactically~*~*~ (hiding).
  1543 | D:2      | 1543 ||| DROPPING scarf of shadows.
  1544 | D:2      | 1544 ||| UPGRADING to ring "Gatheddo" {rCorr Int+3}.
  1545 | D:2      | 1545 ||| READING scroll labelled HEUMAP KIODIDE.
  1546 | D:2      | 1546 ||| READING scroll labelled NEOVECVOTU.
  1547 | D:2      | 1547 ||| DRINKING 2 ruby potions.
  1548 | D:2      | 1548 ||| DROPPING potion of invisibility.
  1588 | D:3      | Reached XP level 4. HP: 28/28 MP: 4/4
  1589 | D:3      | 1589 ||| STAIRDANCE
  1669 | D:3      | 1669 ||| Stepping ~*~*~tactically~*~*~ (hiding).
  1671 | D:3      | 1671 ||| Stepping ~*~*~tactically~*~*~ (hiding).
  1689 | D:3      | Reached skill level 4 in Axes
  1692 | D:3      | Reached XP level 5. HP: 21/32 MP: 5/5
  1737 | D:3      | 1737 ||| DROPPING +0 club.
  1788 | D:3      | Found a faded altar of an unknown god.
  1824 | D:3      | Found a sacrificial altar of Ru.
  1826 | D:3      | 1826 ||| Stepping ~*~*~tactically~*~*~ (stealth).
  1828 | D:3      | 1828 ||| Stepping ~*~*~tactically~*~*~ (stealth).
  1831 | D:3      | 1831 ||| Stepping ~*~*~tactically~*~*~ (stealth).
  1834 | D:3      | 1834 ||| Stepping ~*~*~tactically~*~*~ (hiding).
  1836 | D:3      | 1836 ||| Stepping ~*~*~tactically~*~*~ (hiding).
  2010 | D:3      | You fall into a shaft and drop 2 floors!
  2010 | D:5      | Entered Level 5 of the Dungeon
  2013 | D:5      | 2013 ||| Stepping ~*~*~tactically~*~*~ (hiding).
  2016 | D:5      | 2016 ||| Stepping ~*~*~tactically~*~*~ (hiding).
  2127 | D:5      | 2127 ||| Stepping ~*~*~tactically~*~*~ (stealth).
  2131 | D:5      | Noticed Edmund
  2138 | D:5      | Reached skill level 5 in Axes
  2151 | D:5      | Reached skill level 1 in Throwing
  2157 | D:5      | HP: 6/32 [Edmund/+2 flail of protection (5)]
  2160 | D:5      | Slain by Edmund

Levels and vault maps discovered:
D:1:      matt_arrival_refuge, layout_loops_corners, minmay_tetromino_l4
D:2:      layout_rooms, minmay_box_of_dots
D:3:      layout_basic, nicolae_ru_great_annihilating_truth,
          hellmonk_ecumenical_altar_run_dry
D:5:      layout_rooms, uniq_edmund, uniq_duvessa

Skill      XL: |  1  2  3  4  5 |
---------------+----------------+-----
Axes           | 2 3 4 5 |  5.0
Throwing       | 1 |  1.3
Fighting       | |  3.2
Armour         | |  3.2
Shields        | |  3.2

Action                     |  1- 3 |  4- 6 || total
---------------------------+-------+-------++-------
  Melee: War axe           |   116 |    64 ||   180
  Throw: Boomerang         |       |     9 ||     9
    Use: Scroll            |     2 |       ||     2
         Potion            |     2 |       ||     2
   Stab: Invisible         |     1 |       ||     1
 Armour: Scale mail        |    34 |       ||    34
         Chain mail        |    20 |    59 ||    79
  Dodge: Dodged            |    45 |    30 ||    75
  Block: Buckler           |    20 |    12 ||    32

Table legend:
 A = Non-vault XP
 B = Vault XP
 C = Vault XP percentage of total XP
 D = Non-vault monster count
 E = Vault monster count
 F = Vault count percentage of total count
                 A         B        C        D         E       F
            +---------+---------+-------+---------+---------+-------
      Total |     233 |      49 |  17.4 |      49 |      10 |  16.9
            +---------+---------+-------+---------+---------+-------
        D:1 |      41 |       7 |  14.6 |      24 |       4 |  14.3
        D:2 |      29 |       2 |   6.5 |      10 |       2 |  16.7
        D:3 |      95 |      40 |  29.6 |      10 |       4 |  28.6
        D:5 |      68 |       0 |   0.0 |       5 |       0 |   0.0
            +---------+---------+-------+---------+---------+-------
